 Dungeon Crawl Stone Soup version 0.23.2-33-g5129a83184 (webtiles) character file.

Game seed: 16284923322377660466

2337 Folque the Chiller (level 9, -1/62 HPs)
             Began as a Demonspawn Ice Elementalist on June 29, 2019.
             Was a Believer of Sif Muna.
             Slain by an elephant (6 damage)
             ... on level 8 of the Dungeon.
             The game lasted 00:30:24 (7553 turns).

Folque the Chiller (Demonspawn Ice Elementalist)    Turns: 7553, Time: 00:30:24

Health: -1/62      AC: 11    Str:  8    XL:     9   Next: 19%
Magic:  4/24       EV: 12    Int: 20    God:    Sif Muna [**....]
Gold:   305        SH:  0    Dex: 14    Spells: 2/16 levels left

rFire    + . .     SeeInvis .   p - +1 dagger (venom)
rCold    . . .     Gourm    .   (no shield)
rNeg     . . .     Faith    .   a - +0 robe
rPois    .         Spirit   .   (no helmet)
rElec    .         Reflect  .   J - +1 cloak
rCorr    .         Harm     .   (no gloves)
MR       .....                  t - +0 pair of boots
Stlth    ++........             (no amulet)
HPRegen  0.20/turn              K - ring of magical power
MPRegen  0.19/turn              r - ring of wizardry

@: icy armour, about to teleport, divine energy
A: hooves 1, fire resistance 1, powered by pain 1
a: Stop Divine Energy, Renounce Religion


You were on level 8 of the Dungeon.
You worshipped Sif Muna.
Sif Muna was pleased with you.
You were very hungry.

You visited 2 branches of the dungeon, and saw 9 of its levels.

You collected 305 gold pieces.

Inventory:

Hand Weapons
 d - a +0 dagger
 p - a +1 dagger of venom (weapon)
 q - a +0 dagger of freezing
 u - a +0 hunting sling
 C - a +2 whip of freezing
 H - a +3 long sword
Missiles
 n - 5 poisoned needles
Armour
 a - a +0 robe (worn)
 e - a +0 cloak
 l - a +0 buckler
 t - a +0 pair of boots (worn)
 J - a +1 cloak (worn)
Jewellery
 g - an uncursed ring of poison resistance
 r - a ring of wizardry (right hand)
 w - a +3 ring of intelligence {unknown}
 K - a ring of magical power (left hand)
Wands
 k - a wand of polymorph (22)
 s - a wand of paralysis (11)
 B - a wand of clouds (7)
 D - a wand of random effects (24)
 G - a wand of iceblast (9)
 I - a wand of flame (14)
Scrolls
 b - 5 scrolls of identify
 f - 2 scrolls of fog
 h - 2 scrolls of remove curse
 j - 2 scrolls of enchant weapon
 m - a scroll of magic mapping
 o - 2 scrolls of teleportation
 x - 2 scrolls of amnesia
 y - a scroll of blinking {unknown}
 A - a scroll of holy word {unknown}
Potions
 i - 2 potions of haste
 v - 2 potions of magic
 z - a potion of flight
 E - a potion of invisibility
 F - a potion of cancellation
Comestibles
 c - 10 rations


   Skills:
 - Level 2.4 Fighting
 * Level 1.7 Dodging
 - Level 1.7 Stealth
 - Level 4.1 Spellcasting
 + Level 5.8 Conjurations
 - Level 5.0 Summonings
 * Level 7.9 Ice Magic
 + Level 0.1 Invocations


You had 2 spell levels left.
You knew the following spells:

 Your Spells              Type           Power        Failure   Level  Hunger
a - Freeze                Ice            ####         1%          1    None
b - Throw Frost           Conj/Ice       ####..       1%          2    #......
c - Ozocubu's Armour      Chrm/Ice       ###.....     3%          3    ###....
d - Summon Ice Beast      Ice/Summ       ####....     3%          4    ####...
e - Throw Icicle          Conj/Ice       ####....     3%          4    ####...

Your spell library contained the following spells:

 Spells                   Type           Power        Failure   Level  Hunger


Dungeon Overview and Level Annotations

Branches:
Dungeon (8/15)             Temple (1/1) D:5            Lair (0/6) D:8

Altars:
Ashenzari
Cheibriados
Dithmenos
Elyvilon
Fedhas
Gozag
Hepliaklqana
Kikubaaqudgha
Makhleb
Nemelex Xobeh
Okawaru
Qazlal
Ru
Sif Muna
Trog
Uskayaw
Vehumet
Wu Jian
Xom
Yredelemnul
Zin
The Shining One


Innate Abilities, Weirdness & Mutations

You have large cloven feet.
Your flesh is heat resistant. (rF+)
You sometimes gain a little power by taking damage.


Message History

The elephant barely misses you. The elephant trunk-slaps you.
Casting: Ozocubu's Armour (safe; 3% risk of failure)
Confirm with . or Enter, or press ? or * to list all spells.
Aiming: Freeze (safe; 1% risk of failure)
Press: ? - help, Shift-Dir - straight line, f - crocodile, p - basilisk
Aim: a crocodile You freeze the crocodile.
The crocodile is lightly wounded.
The crocodile barely misses you. The elephant tramples you!
* * * LOW HITPOINT WARNING * * *
You hold your ground!
The elephant misses you.
Casting: Freeze (safe; 1% risk of failure)
Confirm with . or Enter, or press ? or * to list all spells.
Aiming: Throw Icicle (safe; 3% risk of failure)
Press: ? - help, Shift-Dir - straight line, f - hippogriff, p - crocodile
Aim: a hippogriff (almost dead)
The shard of ice hits the elephant.
The elephant is lightly wounded.
The crocodile closely misses you. The elephant tramples you.
You die...

####........######. >..#
..#####..(.## .###..#
...## ##...# ..#..#
##..####...## ##...#
###.....##..## ##....###
.###<...####.####....?..#
.###...##
##.#.lH##.H..... ..##..##
#..tY## #.....# ..##..#
#..#@#


Ht.... ......# #..#### ..... ........ #.## ....P ........ ... >.%. ........ ....
.... ............. ............ ........ ....... You could see an elephant, a
hippogriff, a basilisk and a crocodile.

Vanquished Creatures
  Pikel (D:6)
  A hippogriff (D:7)
  Grinder (D:6)
  Sigmund (D:2)
  Eustachio (D:6)
  Edmund (D:4)
  A slave (D:6)
  A centaur (D:5)
  2 ogres (D:7)
  A water moccasin zombie (D:5)
  A scorpion (D:7)
  4 wights
  2 hounds
  An orc priest (D:5)
  An iguana (D:7)
  2 orc wizards
  4 worker ants
  A gnoll (D:7)
  A howler monkey skeleton (D:4)
  7 adders
  A shadow imp (D:5)
  An adder zombie (D:8)
  An ooze (D:2)
  A worm (D:4)
  3 dart slugs
  5 leopard geckos
  13 orcs
  8 bats
  3 giant cockroaches
  6 goblins
  8 hobgoblins
  3 jackals
  4 quokkas
  A ball python (D:2)
  9 frilled lizards
  9 kobolds
  A leopard gecko skeleton (D:4)
  7 rats
119 creatures vanquished.

Vanquished Creatures (collateral kills)
  Menkaure (D:5)
  A slave (D:6)
  2 bullfrogs
  A bullfrog zombie (D:5)
  A hound (D:7)
  An orc wizard (D:7)
  6 gnolls
  A leopard gecko (D:5)
  5 orcs
  A jackal (D:3)
  A quokka (D:3)
  A ball python (D:3)
22 creatures vanquished.

Vanquished Creatures (others)
  2 jackals (D:5)
  A quokka skeleton (D:6)
3 creatures vanquished.

Grand Total: 144 creatures vanquished

Notes
Turn   | Place    | Note
-------+----------+-------------------------------------------
     0 | D:1      | Folque the Demonspawn Ice Elementalist began the quest for
                  | the Orb.
     0 | D:1      | Reached XP level 1. HP: 13/13 MP: 3/3
   118 | D:1      | Gained mutation: You sometimes gain a little power by
                  | taking damage. [demonic ancestry]
   118 | D:1      | Reached XP level 2. HP: 5/20 MP: 0/5
   427 | D:1      | Learned a level 2 spell: Throw Frost
   696 | D:2      | Reached skill level 1 in Fighting
   696 | D:2      | Reached skill level 3 in Ice Magic
   696 | D:2      | Reached XP level 3. HP: 26/26 MP: 0/7
  1240 | D:2      | Noticed Sigmund
  1965 | D:2      | Killed Sigmund
  1965 | D:2      | Reached XP level 4. HP: 12/34 MP: 2/10
  1965 | D:2      | Reached XP level 5. HP: 14/39 MP: 2/11
  1970 | D:2      | Learned a level 3 spell: Ozocubu's Armour
  1975 | D:2      | Learned a level 4 spell: Summon Ice Beast
  2147 | D:3      | Reached skill level 1 in Summonings
  2183 | D:3      | Reached XP level 6. HP: 12/46 MP: 2/12
  2904 | D:3      | Found a shadowy altar of Dithmenos.
  3022 | D:4      | Reached skill level 4 in Ice Magic
  3156 | D:4      | Noticed Edmund
  3205 | D:4      | Killed Edmund
  3516 | D:5      | Entered Level 5 of the Dungeon
  3553 | D:5      | Reached XP level 7. HP: 16/51 MP: 8/13
  4002 | D:5      | Noticed Menkaure
  4019 | D:5      | Killed Menkaure
  4025 | D:5      | Learned a level 4 spell: Throw Icicle
  4230 | D:5      | Found a glowing golden altar of the Shining One.
  4819 | D:5      | Found a staircase to the Ecumenical Temple.
  4828 | Temple   | Entered the Ecumenical Temple
  4932 | Temple   | Became a worshipper of Sif Muna the Loreminder
  5201 | D:6      | Noticed Pikel
  5238 | D:6      | Killed Pikel
  5238 | D:6      | Reached skill level 5 in Summonings
  5238 | D:6      | Reached skill level 5 in Ice Magic
  5238 | D:6      | Gained mutation: You have large cloven feet. [demonic
                  | ancestry]
  5238 | D:6      | Reached XP level 8. HP: 24/57 MP: 0/14
  5360 | D:6      | Noticed Grinder
  5376 | D:6      | Reached skill level 6 in Ice Magic
  5663 | D:6      | Killed Grinder
  5663 | D:6      | Reached * piety under Sif Muna
  5716 | D:6      | Found an ornate altar of the Wu Jian Council.
  5757 | D:6      | Noticed Eustachio
  5776 | D:6      | Killed Eustachio
  6271 | D:7      | Reached skill level 5 in Conjurations
  6313 | D:7      | Reached skill level 7 in Ice Magic
  6698 | D:7      | Gained mutation: Your flesh is heat resistant. (rF+)
                  | [demonic ancestry]
  6698 | D:7      | Reached XP level 9. HP: 62/62 MP: 14/15
  7098 | D:7      | Reached ** piety under Sif Muna
  7275 | D:8      | Found a blossoming altar of Fedhas.
  7530 | D:8      | Found a staircase to the Lair.
  7530 | D:8      | Noticed an elephant
  7553 | D:8      | Slain by an elephant

Skill      XL: |  1  2  3  4  5  6  7  8 |
---------------+-------------------------+-----
Fighting       | 1 2 |  2.4
Ice Magic      | 3 4 5 7 |  7.9
Spellcasting   | 4 |  4.1
Summonings     | 1 3 5 |  5.0
Conjurations   | 2 4 5 |  5.8
Dodging        | |  1.7
Stealth        | |  1.7
Invocations    | |  0.1

Action                   |  1- 3 |  4- 6 |  7- 9 || total
-------------------------+-------+-------+-------++-------
Melee: Unarmed           |    22 |       |       ||    22
       Dagger            |    89 |   190 |    90 ||   369
 Cast: Freeze            |    30 |    11 |    32 ||    73
       Throw Frost       |    12 |    17 |    28 ||    57
       Summon Ice Beast  |       |     3 |    16 ||    19
       Ozocubu's Armour  |       |     4 |    11 ||    15
       Throw Icicle      |       |       |    23 ||    23
Invok: Divine Energy     |       |       |     1 ||     1
  Use: Potion            |     1 |       |     2 ||     3
       Scroll            |       |       |    15 ||    15
 Stab: Sleeping          |     5 |     2 |     2 ||     9
  Eat: Chunk             |     3 |     8 |    11 ||    22
       Ration            |       |       |     3 ||     3
Armor: Robe              |    34 |    52 |    36 ||   122
       Skin              |     1 |     8 |       ||     9
Dodge: Dodged            |    97 |   131 |    82 ||   310
